Map: Ultralove

Players

Zoun

  • Race: Protoss Protoss
  • Spawn Location: 1:00

ByuN - Winner!

  • Race: Terran Terran
  • Spawn Location: 7:00

Event: Esports World Cup 2025

VOD

Have the link to the VOD?

Description

Time

  • Played on: July 23, 2025, 5:30 a.m.
  • Length: 15:34

All games in this series

Show
View Real Time Build Order
Export as new Build Order

Zoun Protoss 

Build Orders: 1 Gate Expand, Blink Stalkers 

Get SALT Encoding   

  12  0:00  Probe  
  13  0:12  Probe  
  14  0:16  Pylon  
  14  0:23  Probe  
  15  0:32  Probe  
  15  0:35  Gateway  
  15  0:40  Probe  
  16  0:45  Assimilator  
  17  0:51  Probe  
  19  1:09  Probe  
  19  1:17  Nexus  
  19  1:27  Cybernetics Core  
  19  1:30  Probe  
  20  1:35  Assimilator  
  20  1:42  Probe  
  20  1:45  Pylon  
  21  1:51  Stalker  
  21  1:54  Probe  
  22  2:04  Warp Gate  
  22  2:06  Probe  
  25  2:17  Twilight Council  
  25  2:18  Probe  
  26  2:23  Stalker  
  26  2:24  Blink  
  28  2:30  Shield Battery  
  28  2:33  Probe  
  28  2:34  Probe  
  30  2:42  Probe  
  30  2:46  Probe  
  32  2:53  Probe  
  32  2:58  Probe  
  34  3:00  Stalker  
  34  3:05  Probe  
  37  3:10  Probe  
  38  3:14  Gateway  
  38  3:21  Gateway  
  38  3:23  Probe  
  38  3:25  Probe  
  40  3:34  Pylon  
  40  3:36  Robotics Facility  
  40  3:39  Probe  
  40  3:40  Probe  
  42  3:50  Assimilator  
  42  3:51  Probe  
  42  3:52  Stalker  
  42  3:53  Probe  
  46  4:02  Pylon  
  46  4:03  Probe  
  46  4:08  Probe, Stalker  
  50  4:15  Stalker  
  50  4:16  Stalker  
  54  4:19  Pylon  
  54  4:23  Observer  
  55  4:25  Probe  
  56  4:34  Stalker  
  56  4:36  Probe  
  56  4:38  Stalker  
  61  4:41  Observer  
  61  4:44  Stalker  
  64  4:48  Charge, Nexus  
  64  4:52  Probe  
  65  5:00  Probe  
  65  5:01  Assimilator  
  65  5:04  Probe, Shield Battery  
  67  5:10  Stalker  
  67  5:12  Probe  
  70  5:17  Pylon  
  70  5:23  Probe  
  70  5:26  Probe  
  70  5:33  Stalker  
  70  5:35  Probe  
  70  5:38  Probe  
  70  5:41  Templar Archives  
  71  5:45  Observer  
  71  5:47  Probe  
  71  5:49  Pylon  
  72  5:50  Gateway  
  72  5:51  Probe  
  72  5:53  Observer  
  72  5:55  Gateway  
  73  5:59  Gateway, Probe  
  73  6:00  Psionic Storm, Probe  
  75  6:18  Probe  
  74  6:22  Observer, Gateway  
  74  6:23  Gateway  
  74  6:25  High Templar  
  76  6:26  Probe x2  
  76  6:28  High Templar  
  76  6:30  Probe  
  81  6:35  Pylon  
  81  6:38  Observer, Probe x2  
  83  6:42  Probe, Warp Prism  
  83  6:45  Pylon  
  83  6:46  High Templar  
  88  6:50  Probe  
  88  6:54  Zealot x3  
  88  6:59  Pylon  
  94  7:01  Shield Battery  
  94  7:05  Zealot x2  
  94  7:07  Forge  
  94  7:08  Pylon  
  98  7:11  Probe  
  98  7:14  Protoss Ground Weapons Level 1  
  98  7:15  Sentry  
  101  7:16  Zealot x3  
  101  7:20  High Templar, Zealot  
  109  7:26  High Templar  
  109  7:27  Zealot  
  109  7:29  Probe x3  
  115  7:42  Zealot x5  
  125  7:47  Probe x2  
  125  7:50  Nexus  
  127  7:56  Pylon  
  127  8:05  Probe  
  116  8:07  Stalker x3  
  116  8:08  Zealot x3  
  124  8:13  Zealot x2  
  126  8:22  Observer, Probe x3  
  126  8:23  Shield Battery  
  126  8:24  Photon Cannon  
  130  8:27  Photon Cannon  
  130  8:33  High Templar  
  132  8:34  Observer  
  133  8:41  Probe x2  
  133  8:43  Forge  
  135  8:48  Stalker x3  
  135  8:51  Pylon  
  135  8:55  Pylon, Photon Cannon  
  141  9:00  Stalker  
  141  9:01  Probe  
  141  9:02  Observer, Probe  
  142  9:04  Protoss Ground Weapons Level 2  
  142  9:08  Robotics Bay, Protoss Ground Armor Level 1  
  142  9:11  Pylon, Stalker x2  
  146  9:18  Observer  
  145  9:28  Probe x2  
  147  9:35  Nexus  
  147  9:37  Pylon  
  145  9:38  Stalker x4  
  145  9:41  Pylon  
  145  9:42  Probe x2  
  145  9:43  Assimilator  
  155  9:46  High Templar  
  155  9:50  Zealot x3  
  146  10:03  Zealot x4  
  146  10:05  Probe x2  
  152  10:14  Gateway  
  152  10:15  Gateway  
  151  10:24  Probe x2, Stalker x2  
  151  10:26  Observer  
  156  10:29  Robotics Facility  
  156  10:33  Zealot x6  
  168  10:37  Shield Battery  
  168  10:38  Photon Cannon  
  168  10:45  Probe x2  
  158  11:06  Zealot x3  
  158  11:07  Protoss Ground Armor Level 2, Zealot x5  
  158  11:08  Colossus  
  178  11:15  Archon  
  178  11:28  High Templar  
  178  11:31  Protoss Ground Weapons Level 3  
  176  11:37  Zealot x9  
  192  11:47  Colossus, Probe  
  181  12:01  Zealot x9  
  199  12:16  Nexus  
  187  12:25  Zealot x7  
  187  12:29  High Templar  
  195  12:32  Zealot x2  
  189  12:42  Colossus  
  181  12:50  Zealot x7  
  189  12:54  Colossus  
  195  13:05  Archon, High Templar  
  195  13:06  Extended Thermal Lance, Zealot  
  193  13:14  Zealot x6  
  193  13:15  Zealot  
  193  13:19  Zealot  
  187  13:20  Probe x2  
  187  13:21  Probe  
  170  13:31  Zealot  
  160  13:37  Stalker x4  
  160  13:38  Stalker x3  
  160  13:40  Gateway  
  160  13:41  Colossus, Gateway  
  174  13:42  Colossus, Zealot x2  
  168  13:54  High Templar  
  168  13:55  Probe  
  169  14:02  Sentry, Zealot x8  
  171  14:05  Probe x2  
  171  14:07  Pylon  
  163  14:23  High Templar  
  163  14:24  Zealot x7  
  175  14:33  Zealot x2  
  175  14:35  Observer  
  175  14:37  Archon  
  146  14:40  Immortal  
  146  14:41  Immortal  
  118  14:45  Stalker x2  
  118  14:46  Stalker x3  
  118  14:50  Zealot x2  
  103  15:05  High Templar  
  104  15:15  High Templar  
  104  15:16  Stalker, Zealot x5  
  104  15:19  Nexus  
  118  15:22  Zealot x2  
Show
View Real Time Build Order
Export as new Build Order

ByuN Terran - Winner!

Build Orders: Cyclone Opening 

Get SALT Encoding   

  12  0:00  SCV  
  13  0:12  SCV  
  14  0:16  Supply Depot  
  14  0:24  SCV  
  15  0:38  SCV  
  15  0:39  Barracks  
  15  0:42  Refinery  
  16  0:50  SCV  
  17  1:02  SCV  
  18  1:14  SCV  
  19  1:26  Orbital Command  
  20  1:35  Command Center  
  20  1:45  Factory  
  19  1:52  SCV  
  19  1:54  Refinery  
  20  1:58  Barracks Tech Lab  
  20  2:04  Supply Depot  
  20  2:07  SCV  
  21  2:19  SCV  
  22  2:26  Marine  
  23  2:31  SCV  
  23  2:34  Cyclone  
  27  2:42  Starport  
  27  2:44  SCV  
  29  2:47  Orbital Command  
  29  2:51  Barracks Reactor  
  28  2:56  SCV  
  29  3:07  Widow Mine  
  29  3:08  SCV  
  29  3:09  Orbital Command  
  32  3:14  Barracks  
  32  3:19  Medivac  
  34  3:20  SCV  
  34  3:24  Supply Depot  
  35  3:27  Marine  
  35  3:28  Widow Mine  
  35  3:29  Marine  
  40  3:36  SCV x2  
  41  3:45  Marine  
  41  3:47  Marine  
  44  3:48  SCV x2  
  44  3:51  Starport Tech Lab  
  44  3:53  Siege Tank  
  48  3:59  Supply Depot  
  48  4:00  SCV x2  
  48  4:02  Marine  
  51  4:06  Refinery  
  51  4:08  Marine x2  
  53  4:17  SCV  
  53  4:20  Banshee, SCV  
  53  4:21  Marine  
  53  4:23  Supply Depot  
  59  4:29  Siege Tank  
  62  4:34  Marine x2, SCV  
  62  4:35  SCV  
  62  4:37  Supply Depot  
  66  4:39  Marine  
  67  4:46  Engineering Bay  
  67  4:47  SCV x2  
  67  4:52  Marine x2  
  69  4:57  Supply Depot  
  69  4:59  SCV x2  
  73  5:02  Siege Tank  
  76  5:08  Marine  
  76  5:12  SCV x2  
  76  5:14  Marine  
  80  5:15  Marine  
  81  5:24  SCV x2  
  81  5:32  Barracks  
  81  5:33  Marauder, Marine  
  82  5:36  SCV x2  
  82  5:39  Starport Reactor  
  84  5:43  Factory Reactor  
  84  5:48  SCV x2  
  84  5:49  Supply Depot, Terran Infantry Weapons Level 1  
  86  5:50  Refinery  
  86  5:56  Marine x2  
  90  5:57  Marauder  
  90  6:00  Supply Depot, SCV  
  91  6:05  SCV  
  92  6:12  SCV  
  91  6:21  Barracks Tech Lab  
  91  6:29  Stimpack  
  91  6:31  Marine x2  
  91  6:32  Marine  
  94  6:35  Barracks  
  94  6:36  Barracks, Medivac x2  
  94  6:37  Command Center  
  98  6:40  SCV x2  
  97  6:50  Marauder x2  
  97  6:52  Marine x2, SCV x2  
  105  6:59  Supply Depot, Combat Shield  
  105  7:06  Widow Mine x2  
  109  7:09  SCV  
  109  7:10  Supply Depot  
  110  7:20  Medivac x2  
  110  7:21  SCV  
  115  7:23  SCV  
  115  7:24  Supply Depot  
  115  7:29  Marauder  
  117  7:32  Marauder  
  117  7:33  Barracks Tech Lab, Marine x2, SCV  
  117  7:34  Barracks Reactor  
  122  7:39  Widow Mine x2  
  126  7:44  Ghost Academy  
  126  7:46  SCV x2  
  128  7:51  Terran Infantry Armor Level 1  
  128  7:57  Orbital Command  
  128  7:58  Marauder  
  130  7:59  Marine x2  
  118  8:06  SCV  
  118  8:07  SCV  
  118  8:08  Marauder x2  
  118  8:16  Marine x2  
  118  8:18  SCV  
  118  8:19  SCV  
  115  8:20  Ghost  
  115  8:21  Marine  
  115  8:25  Supply Depot  
  119  8:28  Ghost  
  119  8:30  SCV x2  
  119  8:31  SCV  
  119  8:32  Supply Depot  
  119  8:34  Ghost  
  123  8:37  Medivac  
  123  8:38  Medivac  
  123  8:39  Concussive Shells  
  130  8:42  SCV  
  130  8:43  Refinery x2  
  130  8:45  SCV x2  
  130  8:47  Marine x2  
  135  8:48  Ghost, Marine x2  
  135  8:54  SCV  
  141  8:58  Marauder  
  143  9:03  Marauder, Widow Mine x2  
  143  9:05  Marine x2  
  143  9:06  Viking  
  143  9:08  Viking  
  157  9:10  Armory  
  157  9:11  Engineering Bay  
  157  9:15  Supply Depot x2  
  155  9:18  Marauder  
  155  9:19  Marauder  
  155  9:22  Missile Turret  
  159  9:27  Marauder  
  159  9:30  Command Center  
  160  9:35  SCV x2  
  160  9:36  SCV  
  164  9:39  Marauder  
  164  9:40  Marauder  
  164  9:42  Viking x2  
  168  9:47  Starport  
  168  9:48  Marine x3  
  167  10:01  Reaper  
  167  10:03  Marauder x2  
  167  10:04  Ghost  
  167  10:06  Marine x2  
  177  10:12  Medivac x2  
  181  10:19  Barracks  
  181  10:20  Barracks  
  181  10:21  Marine  
  174  10:22  Barracks  
  174  10:25  Supply Depot, Medivac x2  
  174  10:27  Marine  
  179  10:33  Terran Infantry Weapons Level 2  
  179  10:35  Terran Infantry Armor Level 2  
  176  10:38  SCV x2  
  176  10:40  SCV  
  179  10:44  Ghost  
  179  10:46  Ghost  
  184  10:50  SCV x2  
  184  10:53  Medivac  
  176  11:02  Viking x2  
  180  11:05  Medivac  
  180  11:11  Marauder  
  184  11:12  Marine x2  
  184  11:13  Marine  
  184  11:14  Marauder  
  184  11:16  Marine  
  184  11:17  Marine  
  191  11:20  SCV x2  
  191  11:22  Planetary Fortress  
  191  11:23  Medivac  
  195  11:32  Viking x2  
  191  11:35  Viking  
  191  11:37  Missile Turret  
  191  11:39  Barracks Tech Lab  
  193  11:40  Sensor Tower, Barracks Tech Lab, Barracks Reactor  
  193  11:51  Ghost  
  193  11:52  Marauder x2  
  184  11:54  Marine x2  
  184  11:55  Marine x2  
  188  12:03  Ghost  
  188  12:04  Marine  
  192  12:10  Terran Ship Weapons Level 1  
  192  12:12  Marine x2  
  192  12:13  Ghost  
  195  12:18  Marauder  
  195  12:20  Marauder, Marine x2  
  195  12:22  SCV  
  197  12:25  SCV  
  197  12:27  SCV  
  197  12:29  Fusion Core  
  196  12:34  SCV  
  194  12:37  SCV  
  194  12:39  SCV  
  194  12:42  Ghost x2  
  196  12:46  SCV  
  196  12:47  Ghost  
  196  12:49  Orbital Command, Marine, SCV  
  197  13:01  Marauder x2, Refinery x2  
  197  13:02  Command Center  
  187  13:07  SCV x2  
  187  13:12  Marauder x2  
  190  13:16  Marauder  
  190  13:19  SCV  
  187  13:22  Ghost  
  187  13:23  Marauder  
  187  13:32  Marine x2  
  187  13:33  Ghost  
  192  13:34  SCV  
  192  13:35  SCV  
  192  13:40  Marauder x2  
  196  13:42  Marine x2  
  196  13:45  Marine x2  
  197  13:49  Marauder  
  197  13:50  Marine  
  197  13:51  Marauder  
  188  13:58  Marine  
  188  14:00  Marine x2  
  188  14:01  SCV  
  188  14:02  Marauder x3  
  197  14:04  Marine x2  
  197  14:06  Caduceus Reactor  
  198  14:11  Marauder  
  200  14:37  Marauder  
  194  14:40  Marine x4  
  194  14:42  Marine x2  
  191  14:50  Ghost x2  
  196  14:53  Marine x2  
  198  15:02  Command Center  
Tags
 
Add a new tag
Caveats
  • Supply blocks, unpowered buildings, or Contaminate may cause inaccurate times.
  • Supply counts are checked every 10 seconds.